 Dungeon Crawl Stone Soup version 0.26.0-10-g1f06aea511 (webtiles) character file.

Game seed: 221168674888652460

205928 gruber the Fencer (level 18, -20/172 HPs)
             Began as a Minotaur Berserker on Feb 7, 2021.
             Was a High Priest of Trog.
             Killed from afar by an ogre mage (28 damage)
             ... with a bolt of lightning
             ... on level 1 of the Vaults.
             The game lasted 00:52:03 (36330 turns).

gruber the Fencer (Minotaur Berserker)             Turns: 36330, Time: 00:52:04

Health: -20/172    AC: 31    Str: 29    XL:     18   Next: 5%
Magic:  0/17       EV: 18    Int:  4    God:    Trog [*****.]
Gold:   2802       SH:  6    Dex: 12    Spells: 17/17 levels left

rFire    + + .     SeeInvis +   T - +10 falchion "Axepsid" {flame, Str+6}
rCold    . . .     Faith    .   f - +0 buckler
rNeg     + . .     Spirit   +   c - +1 fire dragon scales
rPois    +         Reflect  .   X - +1 hat {SInv}
rElec    .         Harm     .   i - +0 cloak
rCorr    +         Rampage  .   J - +2 pair of gloves {archery}
Will     +++..                  w - +4 pair of boots "Cunuraod" {rC+ rN+ rCorr Str-5}
Stlth    ..........             p - amulet of guardian spirit
HPRegen  1.38/turn              k - ring of poison resistance
MPRegen  0.15/turn              Q - +4 ring of protection

@: marked, regenerating
A: retaliatory headbutt, horns 2
}: 1/15 runes: decaying
a: Renounce Religion, Berserk, Trog's Hand, Brothers in Arms


You were on level 1 of the Vaults.
You worshipped Trog.
Trog was extremely pleased with you.
You visited 5 branches of the dungeon, and saw 28 of its levels.
You also visited: Gauntlet and Ice Cave.

You collected 2802 gold pieces.

Inventory:

Hand Weapons
 T - the +10 falchion "Axepsid" (weapon) {flame, Str+6}
   (Trog gifted it to you on level 6 of the Dungeon)

   It has been specially enchanted to burn those struck by it, causing extra
   injury to most foes and up to half again as much damage against particularly
   susceptible opponents.
   Big, fiery blades are also staple armaments of hydra-hunters.
   It affects your strength (+6).
 V - a +2 antimagic demon blade
Missiles
 j - 13 curare-tipped darts
 t - 28 silver javelins
 I - 4 javelins (quivered)
Armour
 c - +1 fire dragon scales (worn)
 f - a +0 buckler (worn)
 i - a +0 cloak (worn)
 w - the +4 pair of boots "Cunuraod" (worn) {rC+ rN+ rCorr Str-5}
   (You found it in a Gauntlet)

   It affects your strength (-5).
   It protects you from cold.
   It protects you from negative energy.
   It provides partial protection from all sources of acid and corrosion.
 J - a +2 pair of gloves of archery (worn)
 X - a +1 hat of see invisible (worn)
Jewellery
 a - an uncursed ring of protection from cold
 k - a ring of poison resistance (left hand)
 o - an uncursed ring of flight
 p - an amulet of guardian spirit (around neck)
 z - an uncursed ring of protection from fire
 E - an uncursed ring of resist corrosion
 N - an uncursed ring of see invisible
 O - an uncursed amulet of reflection
 Q - a +4 ring of protection (right hand)
Wands
 m - a wand of random effects (21)
 y - a wand of digging (11)
 A - a wand of paralysis (16)
 G - a wand of enslavement (14)
 L - a wand of acid (20)
 M - a wand of disintegration (18)
 S - a wand of polymorph (9)
 U - a wand of iceblast (19)
Scrolls
 d - 12 scrolls of teleportation
 h - 13 scrolls of remove curse
 r - 2 scrolls of enchant weapon
 u - 6 scrolls of enchant armour
 C - 4 scrolls of blinking
 F - 5 scrolls of magic mapping
 K - 2 scrolls of summoning
 R - 4 scrolls of fog
 Y - 5 scrolls of fear
Potions
 e - 3 potions of berserk rage
 l - 3 potions of flight
 n - 2 potions of haste
 q - 7 potions of attraction
 v - 3 potions of might
 x - 4 potions of resistance
 H - 11 potions of curing
 P - 7 potions of heal wounds
 W - 4 potions of magic
 Z - 3 potions of invisibility
Miscellaneous
 b - a lightning rod (4/4)
 s - a phial of floods
 D - a condenser vane


   Skills:
 - Level 18.0 Fighting
 - Level 18.0 Long Blades
 - Level 0.9(1.9) Axes
 - Level 2.0(2.2) Maces & Flails
 - Level 1.2(1.4) Polearms
 - Level 0.3(1.6) Staves
 - Level 0.7 Slings
 - Level 0.3 Bows
 - Level 1.1 Crossbows
 - Level 18.0 Armour
 * Level 14.3 Dodging
 - Level 11.1 Shields
 - Level 0.1 Conjurations
 - Level 0.1 Hexes
 - Level 0.4 Summonings
 - Level 0.8 Necromancy
 - Level 0.2 Translocations
 - Level 0.9 Transmutations
 - Level 0.6 Fire Magic
 - Level 0.1 Ice Magic
 - Level 0.2 Air Magic
 - Level 0.2 Earth Magic
 - Level 0.9 Poison Magic
 - Level 1.2 Invocations
 - Level 8.0 Evocations


You had 17 spell levels left.
You didn't know any spells.
Your spell library contained the following spells:

 Spells                   Type           Power        Failure   Level
 Beastly Appendage        Tmut           0%           56%         1
 Apportation              Tloc           0%           67%         1
 Wereblood                Tmut           0%           71%         2
 Spider Form              Tmut/Pois      0%           91%         3
 Lesser Beckoning         Tloc           0%           95%         3
 Teleport Other           Tloc           0%           95%         3
 Ice Form                 Ice/Tmut       0%           100%        4
 Iskenderun's Mystic Bla  Conj/Tloc      0%           100%        4
 Blade Hands              Tmut           0%           100%        5
 Dispersal                Tloc           0%           100%        6


Dungeon Overview and Level Annotations

Branches:
Dungeon (15/15)            Temple (0/1) D:6            Lair (6/6) D:9
  Swamp (4/4) Lair:2       Spider (0/4) Lair:3        Slime (0/5) Lair:6
    Orc (2/2) D:10            Elf (0/3) Orc:2        Vaults (1/5) D:13
 Depths (0/5) D:15          IceCv (visited)         Gauntlet (visited)

Altars:
Ashenzari
Fedhas
Gozag
Uskayaw
Xom
Jiyva

Shops:
D:5 (   D:6 *   Orc:2 *}((   Vaults:1 *

Portals:
Abyss: Lair:2

Annotations:
Lair:2 2 transporters, Fycosuor's ghost, journeyman DrCj
Lair:3 exclusion: 2 oklob plants
Lair:5 exclusion: oklob plant
Swamp:1 2 transporters, puimuR's ghost, journeyman HOMo
Orc:2 2 runed translucent doors, exclusion: orange crystal statue


Innate Abilities, Weirdness & Mutations

You reflexively headbutt those who attack you in melee.
You have a pair of horns on your head.


Message History

* * * LOW HITPOINT WARNING * * *
The deep troll shaman claws you but does no damage.
The deep troll shaman barely misses you.
The vault guard hits your iron troll with a +0 long sword.
Unknown command.
The deep troll bites your iron troll but does no damage.
The deep troll claws your iron troll but does no damage.
The deep troll barely misses your iron troll.
The vault sentinel blows a loud note on a signal horn!
The deep troll shaman bites your iron troll!
The deep troll shaman claws your iron troll.
The deep troll shaman claws your iron troll!
Your iron troll bites the deep troll shaman!!
The deep troll shaman dies!
Trog accepts your kill.
The troll leather armour is intact enough to wear.
The ogre mage gestures at you while chanting.
The bolt of lightning hits your iron troll!!
The bolt of lightning hits you!!
You die...

#.≈≈≈≈≈...#
#..≈≈≈....#
#.........#
...........#
.....##########...#
.....#........#...#
.....#........#...#
.....#........#†).#
.....#........#.@.#
.....#........#)T.#
..p..#........#T[p#
...).#####'####pO[#
^........p....p..§#
..............p...#
..................#
..................#
..................#


You could see an ironheart preserver, 2 vault guards, an ogre mage (fast), a
deep troll (fast, strong), a vault sentinel (catching breath) and a friendly
iron troll (summoned, berserk).

Vanquished Creatures
  A tentacled monstrosity (Swamp:4)
  A thorn hunter (Swamp:3)
  2 orc warlords
  A frost giant (D:15)
  An ironheart preserver (Vaults:1)
  A minotaur (Gauntlet)
  2 entropy weavers (Lair:6)
  2 bunyips
  Azrael (D:13)
  2 blizzard demons (IceCv)
  A dire elephant (D:15)
  Snorg (Lair:3)
  5 eleionomae
  Josephine (D:11)
  2 shambling mangroves
  6 boulder beetles
  25 hydras
  An ice dragon (Vaults:1)
  2 catoblepae
  3 vault guards (D:13)
  21 two-headed ogres
  2 ghost crabs
  Erica (D:8)
  4 alligators
  4 ogre magi
  6 centaur warriors
  A queen ant (Lair:6)
  3 death yaks (Lair:6)
  Nergalle (Lair:3)
  Sonja (Lair:3)
  2 unseen horrors
  2 spriggan druids (Swamp:4)
  3 goliath frogs
  A deep elf archer (Vaults:1)
  A wizard (D:13)
  6 bog bodies
  A deep troll (Orc:2)
  14 swamp dragons
  Pikel (D:8)
  3 lindwurms (Lair:6)
  2 necromancers (D:13)
  An ironbrand convoker (Vaults:1)
  An orc knight (Vaults:1)
  A slime creature (D:15)
  9 ugly things
  An orc sorcerer (Orc:2)
  9 cyclopes
  2 manticores
  7 will-o-the-wisps
  A moth of wrath (Gauntlet)
  27 elephants
  A centaur zombie (D:14)
  A salamander (D:15)
  3 black mambas
  2 gargoyles
  A vault sentinel (Vaults:1)
  Joseph (D:8)
  A torpor snail (Lair:6)
  10 cane toads
  6 kobold demonologists
  5 freezing wraiths
  7 komodo dragons
  4 rime drakes
  6 ice devils (IceCv)
  2 anaconda simulacra (IceCv)
  A golden dragon simulacrum (IceCv)
  11 trolls
  4 polar bears
  13 tyrant leeches
  3 meliai (D:15)
  11 hornets
  15 dream sheep
  8 flying skulls (Gauntlet)
  3 centaur simulacra
  A shadow (D:11)
  A tarantella (Lair:3)
  6 spriggans
  2 fire elementals (D:13)
  8 wraiths
  A dire elephant simulacrum (IceCv)
  2 vampires
  A fire bat (shapeshifter) (D:15)
  65 yaks
  5 basilisks
  19 humans (D:13)
  4 wyverns
  Menkaure (D:4)
  7 soldier ants
  10 swamp worms
  5 vampire mosquitoes
  3 harpy simulacra (IceCv)
  3 acid dragons
  4 wargs
  6 hydra simulacra (IceCv)
  2 iron troll simulacra (IceCv)
  29 water moccasins
  5 hell hounds (D:13)
  An ice beast (D:10)
  10 swamp drakes
  3 necrophages
  21 orc warriors
  A black bear (D:10)
  4 sky beasts
  2 alligator simulacra (IceCv)
  27 ogres
  29 wolves
  23 centaurs
  2 boggarts (Vaults:1)
  A phantom (D:10)
  2 eyes of draining
  2 lemures (D:8)
  7 big kobolds
  26 bullfrogs
  A water moccasin zombie (D:4)
  3 wyvern skeletons
  A hornet simulacrum (D:15)
  2 scorpions
  An elephant simulacrum (IceCv)
  8 killer bees
  An electric eel (D:10)
  6 howler monkeys
  16 wights
  5 draconian simulacra (IceCv)
  8 hounds
  A quasit (D:15)
  18 orc priests
  8 jellies
  A gnoll shaman (D:7)
  2 bullfrog skeletons
  5 iguanas
  3 centaur skeletons
  29 orc wizards
  A polar bear simulacrum (IceCv)
  33 worker ants
  2 troll simulacra (IceCv)
  A killer bee zombie (D:7)
  A wolf simulacrum (IceCv)
  A hound skeleton (D:7)
  A hound zombie (D:8)
  10 gnolls
  A worker ant zombie (D:7)
  9 adders
  3 naga simulacra (IceCv)
  3 ogre simulacra (IceCv)
  A shadow imp (D:6)
  7 white imps
  9 ufetubi
  11 oozes
  An adder zombie (D:6)
  An adder skeleton (D:7)
  3 worms
  4 dart slugs
  7 leopard geckos
  80 orcs
  2 ball pythons
  6 bats
  5 giant cockroaches
  9 goblins
  9 hobgoblins
  17 jackals
  2 quokkas
  5 frilled lizards
  A jackal zombie (D:7)
  33 kobolds
  A quokka zombie (D:6)
  11 rats
  2 briar patches (Swamp:3)
1082 creatures vanquished.

Vanquished Creatures (collateral kills)
  A vault warden (Vaults:1)
  2 ettins (D:11)
  A shambling mangrove (Swamp:4)
  2 hydras (Swamp:4)
  4 two-headed ogres
  2 deep troll shamans (Vaults:1)
  2 spriggan druids (Swamp:4)
  2 deep trolls
  A swamp dragon (Swamp:4)
  2 ugly things (Vaults:1)
  A troll (Orc:2)
  A swamp drake (Swamp:4)
  An orc warrior (D:11)
  A bullfrog (D:11)
  A gnoll sergeant (D:11)
  A scorpion (D:11)
  A wight (D:11)
  A bullfrog skeleton (D:11)
  A hound (D:11)
  2 worker ants (D:11)
  An orc wizard (D:11)
  A quokka (D:11)
32 creatures vanquished.

Vanquished Creatures (others)
  A bloated husk (Swamp:4)
  2 swamp drakes (Swamp:4)
  A boggart (Vaults:1)
  An orc (D:12)
  A demonic plant (Gauntlet)
  26 foxfires
  20 fungi
  27 plants
  7 toadstools (D:3)
86 creatures vanquished.

Grand Total: 1200 creatures vanquished

Notes
Turn   | Place    | Note
-------+----------+-------------------------------------------
     0 | D:1      | gruber the Minotaur Berserker began the quest for the Orb.
     0 | D:1      | Reached XP level 1. HP: 19/19 MP: 0/0
   279 | D:1      | Reached XP level 2. HP: 21/26 MP: 1/1
   650 | D:1      | Reached skill level 5 in Long Blades
   725 | D:1      | Reached XP level 3. HP: 30/31 MP: 2/2
   733 | D:1      | Reached ** piety under Trog
  1036 | D:2      | Noticed an ogre
  1042 | D:2      | Killed an ogre
  1043 | D:2      | Reached XP level 4. HP: 39/39 MP: 3/3
  1114 | D:2      | Reached XP level 5. HP: 38/45 MP: 4/4
  2101 | D:3      | Reached *** piety under Trog
  2239 | D:3      | Reached XP level 6. HP: 22/51 MP: 3/5
  2307 | D:3      | Reached skill level 5 in Armour
  3272 | D:4      | Reached **** piety under Trog
  3675 | D:4      | Noticed Menkaure
  3678 | D:4      | Reached XP level 7. HP: 57/57 MP: 6/6
  3687 | D:4      | Killed Menkaure
  3688 | D:4      | Reached skill level 5 in Dodging
  3979 | D:4      | You fall into a shaft and drop 1 floor!
  3979 | D:5      | Entered Level 5 of the Dungeon
  4685 | D:5      | Reached XP level 8. HP: 62/64 MP: 7/7
  4970 | D:5      | Found a shimmering altar of Xom.
  4970 | D:5      | Found a shimmering altar of Xom.
  4971 | D:5      | Found a shimmering altar of Xom.
  4972 | D:5      | Found a shimmering altar of Xom.
  4973 | D:5      | Found a shimmering altar of Xom.
  4973 | D:5      | Found a shimmering altar of Xom.
  5027 | D:5      | Reached skill level 10 in Long Blades
  5159 | D:5      | Found a hide-covered altar of Uskayaw.
  5219 | D:5      | Found Ceal's Antique Weapon Boutique.
  5334 | D:5      | Reached ***** piety under Trog
  5735 | D:6      | Found an opulent altar of Gozag.
  5749 | D:6      | Found Utrualy's Elemental Accessories.
  5840 | D:6      | Reached skill level 5 in Fighting
  5878 | D:6      | Found Ogoyzun's General Store.
  6073 | D:6      | Found a staircase to the Ecumenical Temple.
  6092 | D:6      | Received a gift from Trog
  6339 | D:7      | Reached XP level 9. HP: 58/81 MP: 4/8
  7218 | D:7      | Reached skill level 10 in Fighting
  8220 | D:8      | Reached XP level 10. HP: 68/93 MP: 9/9
  8244 | D:8      | Noticed Erica
  8484 | D:8      | Noticed Pikel
  8492 | D:8      | Killed Erica
  8496 | D:8      | Killed Pikel
  8594 | D:8      | Noticed a two-headed ogre
  8600 | D:8      | Killed a two-headed ogre
  8713 | D:8      | Noticed Joseph
  8724 | D:8      | Killed Joseph
  9131 | D:9      | Noticed a two-headed ogre
  9138 | D:9      | Killed a two-headed ogre
  9139 | D:9      | Reached skill level 15 in Long Blades
  9325 | D:9      | Noticed a cyclops
  9331 | D:9      | Reached XP level 11. HP: 71/99 MP: 6/10
  9534 | D:9      | Found a staircase to the Lair.
  9640 | D:6      | Got a warped falchion {god gift}
  9641 | D:6      | Identified the +10 falchion "Axepsid" {flame, Str+6} (Trog
                  | gifted it to you on level 6 of the Dungeon)
 10066 | D:10     | Entered Level 10 of the Dungeon
 10236 | D:10     | Received a gift from Trog
 11220 | D:10     | Found a staircase to the Orcish Mines.
 11354 | D:10     | Got a pair of faintly humming gloves
 11355 | D:10     | Identified the +0 pair of gloves "Peitrax" {-Tele +Fly
                  | Int-5 Dex+8} (You found it on level 10 of the Dungeon)
 11642 | D:11     | Noticed a two-headed ogre
 11646 | D:11     | Killed a two-headed ogre
 11763 | D:11     | Noticed a boulder beetle
 11784 | D:11     | Killed a boulder beetle
 11785 | D:11     | Reached skill level 10 in Armour
 11953 | D:11     | Noticed an ettin
 11953 | D:11     | Noticed an ettin
 11966 | D:11     | Killed an ettin
 11971 | D:11     | Killed an ettin
 12465 | D:11     | Noticed Josephine
 12578 | D:11     | Killed Josephine
 12579 | D:11     | Reached XP level 12. HP: 106/106 MP: 11/11
 12606 | D:11     | Found a blossoming altar of Fedhas.
 12739 | Lair:1   | Entered Level 1 of the Lair of Beasts
 12803 | Lair:1   | Noticed an eight-headed hydra
 12812 | Lair:1   | Killed a four-headed hydra
 13864 | Lair:2   | Received a gift from Trog
 13865 | Lair:2   | Reached skill level 10 in Dodging
 14098 | Lair:2   | Found a one-way gate to the infinite horrors of the Abyss.
 14098 | Lair:2   | Noticed Fycosuor's ghost (journeyman DrCj)
 14098 | Lair:2   | Identified the +9 spear of Valiance {distort, rF+}
 14171 | Lair:2   | Found a gate leading to a gauntlet.
 14181 | Gauntlet | Entered a Gauntlet
 14181 | Gauntlet | Found a transporter.
 14181 | Gauntlet | Found a transporter.
 14181 | Gauntlet | Noticed a tengu warrior
 14188 | Gauntlet | Noticed a death ooze
 14196 | Gauntlet | Found a transporter.
 14208 | Gauntlet | Found a runed translucent door.
 14211 | Gauntlet | Found a transporter.
 14213 | Gauntlet | Found a transporter.
 14213 | Gauntlet | Found a transporter.
 14214 | Gauntlet | Found a transporter.
 14224 | Gauntlet | Found a transporter.
 14240 | Gauntlet | Found a transporter.
 14250 | Gauntlet | Found a transporter.
 14255 | Gauntlet | Found a transporter.
 14290 | Gauntlet | Found a transporter.
 14290 | Gauntlet | Found a transporter.
 14301 | Gauntlet | Found a transporter.
 14591 | Gauntlet | Got a pair of masterwork boots
 14592 | Gauntlet | Identified the +4 pair of boots "Cunuraod" {rC+ rN+ rCorr
                  | Str-5} (You found it in a Gauntlet)
 14614 | Gauntlet | Reached XP level 13. HP: 107/119 MP: 12/12
 14676 | Gauntlet | Noticed a minotaur
 14687 | Gauntlet | Killed a minotaur
 14704 | Gauntlet | Identified Pinot's Reference Book on Dislocation
 14802 | Lair:2   | Found a staircase to the Swamp.
 14803 | Lair:2   | Found a transporter.
 14957 | Lair:2   | Found a transporter.
 15480 | Lair:3   | Noticed Nergalle
 15495 | Lair:3   | Killed Nergalle
 15626 | Lair:3   | Found a hole to the Spider Nest.
 15631 | Lair:3   | Reached XP level 14. HP: 119/127 MP: 11/13
 16162 | Lair:3   | Noticed Sonja
 16163 | Lair:3   | Noticed Snorg
 16176 | Lair:3   | Killed Snorg
 16179 | Lair:3   | Killed Sonja
 16963 | Lair:4   | Reached skill level 5 in Shields
 17667 | Lair:4   | Reached ****** piety under Trog
 18716 | Lair:5   | Reached skill level 1 in Evocations
 19054 | Lair:5   | Received a gift from Trog
 19055 | Lair:5   | Reached skill level 1 in Polearms
 19450 | Lair:6   | Entered Level 6 of the Lair of Beasts
 19509 | Lair:6   | Reached skill level 1 in Maces & Flails
 19536 | Lair:6   | Reached XP level 15. HP: 71/134 MP: 10/14
 19650 | Lair:6   | Reached skill level 1 in Crossbows
 19654 | Lair:6   | Reached skill level 5 in Evocations
 19666 | Lair:6   | Reached skill level 1 in Invocations
 20110 | Lair:6   | Received a gift from Trog
 20477 | Lair:6   | Paralysed by a hornet for 3 turns
 20486 | Lair:6   | Paralysed by a hornet for 2 turns
 20880 | Lair:6   | Found a staircase to the Slime Pits.
 20881 | Lair:6   | Found a viscous altar of Jiyva.
 21344 | Orc:1    | Entered Level 1 of the Orcish Mines
 21422 | Orc:2    | Entered Level 2 of the Orcish Mines
 21422 | Orc:2    | Found a runed translucent door.
 21464 | Orc:2    | Found the +10 tower shield of Ignorance {rN+ Int-4}
 21553 | Orc:2    | Found a runed translucent door.
 21590 | Orc:2    | Found a staircase to the Elven Halls.
 21674 | Orc:1    | Noticed an orc warlord
 22019 | Orc:1    | Received a gift from Trog
 22330 | Orc:1    | Killed an orc warlord
 22683 | Orc:2    | Found Olonn's Antique Weapon Shop.
 22946 | Orc:1    | Reached skill level 10 in Shields
 23037 | Orc:2    | Found Zum Feit's Weapon Boutique.
 23172 | Orc:2    | Found Suhya's Gadget Emporium.
 23188 | Orc:2    | Found Suaca's Assorted Antiques.
 23581 | D:12     | Received a gift from Trog
 23832 | D:12     | Reached XP level 16. HP: 134/144 MP: 13/15
 25101 | D:13     | Noticed Azrael
 25121 | D:13     | Killed Azrael
 25216 | D:13     | Received a gift from Trog
 25752 | D:13     | Reached skill level 15 in Fighting
 26091 | D:13     | Found a gate to the Vaults.
 27405 | D:15     | Entered Level 15 of the Dungeon
 27468 | D:15     | Received a gift from Trog
 28324 | D:15     | Found a staircase to the Depths.
 29002 | Swamp:1  | Entered Level 1 of the Swamp
 29092 | Swamp:1  | Noticed puimuR's ghost (journeyman HOMo)
 29113 | Swamp:1  | Found a transporter.
 29163 | Swamp:1  | Found a transporter.
 29401 | Swamp:1  | Found a broken altar of Ashenzari.
 30261 | Swamp:2  | Received a gift from Trog
 30289 | Swamp:2  | Found a frozen archway.
 30332 | IceCv    | Entered an ice cave
 31019 | IceCv    | Reached XP level 17. HP: 163/163 MP: 16/16
 31053 | IceCv    | Received a gift from Trog
 31091 | IceCv    | Reached skill level 15 in Armour
 33692 | Swamp:4  | Entered Level 4 of the Swamp
 33749 | Swamp:4  | Noticed a tentacled monstrosity
 33767 | Swamp:4  | Killed a tentacled monstrosity
 34750 | Swamp:4  | Received a gift from Trog
 35321 | Swamp:4  | Got a decaying rune of Zot
 35572 | Vaults:1 | Entered Level 1 of the Vaults
 36212 | Vaults:1 | Found Panei's Assorted Antiques.
 36309 | Vaults:1 | Reached XP level 18. HP: 119/172 MP: 13/17
 36329 | Vaults:1 | HP: 6/172 [deep troll shaman[an ironheart preserver] (4)]
 36330 | Vaults:1 | Killed from afar by an ogre mage

Illustrated notes

Levels and vault maps discovered:
D:1:      heliophobic_arrival_henge, layout_basic, minmay_pentomino_p4
D:2:      layout_loops_cross
D:3:      cheibrodos_fertilizer, layout_loops_ring
D:4:      layout_basic, uniq_menkaure
D:5:      layout_basic, xom_redecorated, basic_altar, serial_shops, shop
D:6:      layout_basic, temple_statues, serial_shops,
          nicolae_shop_competitors_out_of_business, nicolae_elemental_shop,
          grunt_gozag_statues
D:7:      layout_basic, worms_lemuel
D:8:      layout_basic, uniq_pikel, uniq_joseph, uniq_erica
D:9:      layout_cave_pools, minmay_sticks_and_stones
D:10:     layout_basic, erik_orc_1, corexii_checkpoint_a, grunt_ministairs_9
D:11:     nzn_winding_woodlands_stair_trap [nzn_winding_woodlands_5x15_crooked,
          nzn_winding_woodlands_5x15_pockets,
          nzn_winding_woodlands_5x15_sawtooth,
          nzn_winding_woodlands_15x15_killbox,
          nzn_winding_woodlands_5x15_sidewinder,
          nzn_winding_woodlands_5x15_garden,
          nzn_winding_woodlands_5x15_split_checker], layout_cave_pools,
          fedhas_altar_fruit_tree, uniq_josephine
D:12:     layout_gridville, minmay_bent
D:13:     layout_gridville, grunt_vaults_entry_tiered, library_closet,
          hangedman_abyss_or_decor_passed, uniq_azrael
D:14:     layout_grid_maze, nrook_campfire
D:15:     hangedman_depths_entry_try_elsewhere_first, layout_cave_pools,
          kennysheep_flooded_box, wad_scary_box
Lair:1:   layout_roguey
Lair:2:   layout_regular_city, minmay_swamp_entry_worms, gauntlet_entry_generic,
          gammafunk_ghost_abyssal_escape, patterned_corridor
Lair:3:   layout_cave_pods, spider_nest_entry_rubble,
          nicolae_quartered_pool_medium, grunt_megastairs_2,
          lemuel_fruit_fields, minmay_lair_oklob_chamber, uniq_nergalle,
          uniq_sonja, uniq_snorg
Lair:4:   layout_cave_shapes, columned_hall_lemuel
Lair:5:   layout_layer_cave, serial_bayou_shore_a
Lair:6:   hangedman_lair_in_review, layout_gridlike, slime_altar_1,
          minmay_another_anthill
Swamp:1:  layout_basic_swamp, gammafunk_ghost_arena, nicolae_swamp_fairy_circle,
          swamp_pool5, lemuel_altar_in_water
Swamp:2:  layout_basic_swamp, portal_ice_cave_entry_pillars_three,
          evilmike_swamp_ruin_house_4
Swamp:3:  layout_falls_marsh, hangedman_swamp_ruin_wall, hangedman_swamp_cone,
          swamp_pool3, st_swamp_ruins_1
Swamp:4:  swamp, layout_basic_swamp, swamp_pool1
Orc:1:    layout_diamond_mine
Orc:2:    st_orc_open, layout_caves, chequers_guarded_unrand_ignorance
Vaults:1: nicolae_vaults_network_star, vaults_room_grid,
          nicolae_vaults_network_square, hangedman_vaults_impose,
          vaults_room_stairs_pillars, vaults_dpeg_diagonal,
          nicolae_vaults_border_crossing, layout_vaults_omnigrid, serial_shops,
          nicolae_shop_waterfront

Skill      XL: |  1  2  3  4  5  6  7  8  9 10 11 12 13 14 15 16 17 |
---------------+----------------------------------------------------+-----
Long Blades    | 4 5 6 7 8 10 12 15 16 18 | 18.0
Armour         | 4 5 12 13 14 18 | 18.0
Dodging        | 4 6 11 12 14 | 14.3
Fighting       | 8 10 12 13 18 | 18.0
Shields        | 6 11 | 11.1
Evocations     | 4 8 |  8.0
Polearms       | 1 |  1.2
Maces & Flails | 1 2 |  2.0
Crossbows      | 1 |  1.1
Invocations    | 1 |  1.2
Axes           | |  0.9
Staves         | |  0.3
Slings         | |  0.7
Bows           | |  0.3
Conjurations   | |  0.1
Hexes          | |  0.1
Summonings     | |  0.4
Necromancy     | |  0.8
Translocations | |  0.2
Transmutations | |  0.9
Fire Magic     | |  0.6
Ice Magic      | |  0.1
Air Magic      | |  0.2
Earth Magic    | |  0.2
Poison Magic   | |  0.9

Action                   |  1- 3 |  4- 6 |  7- 9 | 10-12 | 13-15 | 16-18 || total
-------------------------+-------+-------+-------+-------+-------+-------++-------
Melee: Falchion          |    48 |   180 |   371 |   357 |  1101 |  1170 ||  3227
       Headbutt          |    11 |    34 |    81 |   106 |   345 |   391 ||   968
       Scimitar          |       |       |       |    59 |       |       ||    59
       Demon blade       |       |       |       |       |       |    41 ||    41
Invok: Berserk           |       |       |     1 |     2 |     3 |     1 ||     7
       Trog's Hand       |       |       |       |     1 |     1 |     4 ||     6
       Brothers in Arms  |       |       |       |     2 |     2 |     5 ||     9
  Use: Scroll            |       |       |       |    15 |     4 |    12 ||    31
       Potion            |       |       |       |     1 |       |       ||     1
 Stab: Sleeping          |       |     1 |       |       |       |       ||     1
       Distracted        |       |       |       |       |     1 |       ||     1
Armor: Animal skin       |    11 |    25 |       |       |       |       ||    36
       Chain mail        |       |     5 |    25 |       |       |       ||    30
       Ring mail         |       |     2 |    64 |   115 |    38 |       ||   219
       Fire dragon scale |       |       |       |       |   388 |   550 ||   938
Dodge: Dodged            |    32 |    80 |   153 |   212 |   673 |   624 ||  1774
Block: Buckler           |       |       |       |       |   184 |   278 ||   462
       Rpst.: Falchion   |    15 |    18 |    52 |    43 |   152 |   120 ||   400
       Scimitar          |       |       |       |    13 |       |       ||    13
       Demon blade       |       |       |       |       |       |     3 ||     3
